 Dungeon Crawl Stone Soup version 0.21-a0-642-g5d013b2151 (webtiles) character file.

198 Kaname the Conjurer (level 5, -5/35 HPs)
             Began as a Demonspawn Wizard on Dec 31, 2017.
             Was a Follower of Vehumet.
             Killed by divine providence
             ... invoked by an orc priest
              (16 damage)
             ... on level 3 of the Dungeon.
             The game lasted 00:07:55 (2560 turns).

Kaname the Conjurer (Demonspawn Wizard)             Turns: 2560, Time: 00:07:56

Health: -5/35      AC:  2    Str:  8    XL:     5   Next: 47%
Magic:  9/9        EV: 12    Int: 20    God:    Vehumet [*.....]
Gold:   109        SH:  0    Dex: 11    Spells: 1/10 levels left

rFire    . . .     SeeInvis .   c - +0 morningstar (protect)
rCold    + . .     Gourm    .   (no shield)
rNeg     . . .     Faith    .   a - +0 robe
rPois    .         Spirit   .   b - +0 hat
rElec    .         Reflect  .   (no cloak)
rCorr    .         Harm     .   (no gloves)
MR       .....                  (no boots)
Stlth    ++........             (no amulet)
HPRegen  0.11/turn              (no ring)
MPRegen  0.11/turn              (no ring)

@: no status effects
A: talons 2, cold resistance 1
a: Renounce Religion


You were on level 3 of the Dungeon.
You worshipped Vehumet.
Vehumet was aware of your devotion.
You were not hungry.

You visited 1 branch of the dungeon, and saw 3 of its levels.

You collected 109 gold pieces.

Inventory:

Hand Weapons
 c - a +0 morningstar of protection (weapon)
Missiles
 h - 6 tomahawks (quivered)
Armour
 a - a +0 robe (worn)
 b - a +0 hat (worn)
Wands
 p - a wand of disintegration (9)
Scrolls
 e - 2 scrolls of remove curse
 f - a scroll of immolation {unknown}
 i - 2 scrolls of teleportation
 j - a scroll of fog {unknown}
 l - 4 scrolls of identify {unknown}
 n - a scroll of blinking {unknown}
Potions
 o - a potion of curing {unknown}
Comestibles
 d - 7 rations
 q - 5 chunks of flesh


   Skills:
 - Level 1.7 Dodging
 - Level 1.7 Stealth
 - Level 3.0 Spellcasting
 + Level 4.3 Conjurations
   Level 1.0 Summonings
 - Level 1.0 Translocations
 - Level 1.0 Fire Magic
 - Level 2.0 Air Magic
 - Level 1.0 Poison Magic


You had one spell level left.
You knew the following spells:

 Your Spells              Type           Power        Failure   Level  Hunger
a - Magic Dart            Conj           ###.         2%          1    None
b - Blink                 Tloc           N/A          14%         2    ##.....
c - Mephitic Cloud        Conj/Pois/Air  ##......     16%         3    ###....
d - Conjure Flame         Conj/Fire      ##......     14%         3    ###....


Dungeon Overview and Level Annotations

Branches:
Dungeon (3/15)

Altars:
Gozag
Hepliaklqana
Vehumet

Annotations:
D:3 NihilVerum's ghost, amateur OgNe


Innate Abilities, Weirdness & Mutations

You have razor-sharp toenails.
Your flesh is cold resistant. (rC+)


Message History

The orc is severely wounded.
The orc hits you but does no damage.
You sock the orc!
Your weapon exudes an aura of protection.
You kill the orc!
Vehumet accepts your kill.
You feel your power returning.
Things that are here:
a club; a leather armour; an orc corpse You butcher the orc corpse.
q - 7 chunks of flesh (gained 3)
Things that are here:
a club; a leather armour You start resting.
Some of the chunks of flesh in your inventory have rotted away.
Magic restored.
The orc priest shouts!
The orc priest calls down the wrath of Beogh upon you.
Beogh smites you!
You die...

#.# ...#.. .. #.#############
.##.#.# ##.
#.............##.###.#.####
#.#...#######.............
#.###.....)....#####...# #.#
#######.....# #....#
##.########[.###.###.##.##
#..#.....#..## #.#...##..#
#.##.......## #@...####.#
..##.....### ##.##....#.#
..####.### ###..#####o..########
...###.# ###...## ##.........)
...##>.# #...### #....#######
...##.#####.##########....#######
............)...................#
...##)##...###########...........
..>#.....### #.)..#######


You could see an orc priest.

Vanquished Creatures
  An orc priest (D:3)
  8 adders
  2 oozes
  A worm (D:3)
  A dart slug (D:1)
  3 leopard geckos
  6 orcs (D:3)
  2 ball pythons
  8 bats
  3 giant cockroaches
  10 goblins
  7 hobgoblins
  4 jackals (D:2)
  2 quokkas
  3 frilled lizards
  4 kobolds
  11 rats
76 creatures vanquished.

Notes
Turn   | Place    | Note
-------+----------+-------------------------------------------
     0 | D:1      | Kaname the Demonspawn Wizard began the quest for the Orb.
     0 | D:1      | Reached XP level 1. HP: 13/13 MP: 4/4
   274 | D:1      | Reached skill level 2 in Conjurations
   296 | D:1      | Gained mutation: You have sharp toenails. [demonic ancestry]
   296 | D:1      | Reached XP level 2. HP: 11/19 MP: 0/6
   300 | D:1      | Learned a level 2 spell: Blink
   786 | D:1      | Reached skill level 3 in Conjurations
   797 | D:1      | Gained mutation: You have razor-sharp toenails. [demonic ancestry]
   797 | D:1      | Reached XP level 3. HP: 24/24 MP: 3/7
   802 | D:1      | Learned a level 3 spell: Mephitic Cloud
   847 | D:2      | Reached skill level 1 in Translocations
   872 | D:2      | Found an opulent altar of Gozag.
   991 | D:2      | Reached skill level 1 in Poison Magic
  1102 | D:2      | Reached skill level 1 in Air Magic
  1219 | D:2      | Reached XP level 4. HP: 18/30 MP: 2/8
  1224 | D:2      | Learned a level 3 spell: Conjure Flame
  1228 | D:2      | Found a radiant altar of Vehumet.
  1245 | D:2      | Became a worshipper of Vehumet
  1431 | D:2      | Reached skill level 1 in Fire Magic
  1606 | D:2      | Found a hazy altar of Hepliaklqana.
  1935 | D:3      | Noticed NihilVerum's ghost (amateur OgNe)
  2268 | D:3      | Reached * piety under Vehumet
  2268 | D:3      | Offered knowledge of Flame Tongue by Vehumet.
  2268 | D:3      | Gained mutation: Your flesh is cold resistant. (rC+) [demonic ancestry]
  2268 | D:3      | Reached XP level 5. HP: 32/35 MP: 2/9
  2276 | D:3      | Reached skill level 4 in Conjurations
  2369 | D:3      | HP: 1/35 [ball python (1)]
  2560 | D:3      | Killed from afar by an orc priest

Vault maps used:
D:1:      minmay_arrival_arboretum_small, dk_noncrumbling_3
D:2:      minmay_wonky_spiral, lemuel_doored_altar, lemuel_round_altar,
          grunt_gozag_breadcrumbs

Skill      XL: |  1  2  3  4  5 |
---------------+----------------+-----
Conjurations   | 2 3 4 |  4.3
Translocations | 1 |  1.0
Poison Magic   | 1 |  1.0
Air Magic      | 1 2 |  2.0
Fire Magic     | 1 |  1.0
Dodging        | |  1.7
Stealth        | |  1.7
Spellcasting   | |  3.0
Summonings     | |  1.0

Action                   |  1- 3 |  4- 6 || total
-------------------------+-------+-------++-------
Melee: Whip              |     9 |       ||     9
       Spear             |    50 |    61 ||   111
       Kick              |     6 |     9 ||    15
       Morningstar       |       |     7 ||     7
 Cast: Magic Dart        |    56 |    71 ||   127
       Mephitic Cloud    |       |     1 ||     1
       Blink             |       |     1 ||     1
  Use: Scroll            |       |     2 ||     2
       Potion            |       |     3 ||     3
 Stab: Sleeping          |     1 |     3 ||     4
  Eat: Chunk             |     1 |     4 ||     5
Armor: Robe              |     6 |     4 ||    10
Dodge: Dodged            |    48 |    50 ||    98

Table legend:
 A = Spawn XP
 B = Non-spawn XP
 C = Spawn XP percentage of total XP
 D = Spawn monster count
 E = Non-spawn monster count
 F = Spawn count percentage of total count
 G = Total turns spent on level
                    A         B        C        D         E        F      G
               +---------+---------+-------+---------+---------+-------+---------
         Total |       0 |     283 |   0.0 |       0 |      76 |   0.0 |  2560
               +---------+---------+-------+---------+---------+-------+---------
           D:1 |       0 |      41 |   0.0 |       0 |      24 |   0.0 |   841
           D:2 |       0 |     111 |   0.0 |       0 |      29 |   0.0 |  1144
           D:3 |       0 |     131 |   0.0 |       0 |      23 |   0.0 |   575
               +---------+---------+-------+---------+---------+-------+---------
